 Dungeon Crawl Stone Soup version 0.31.0-32-g396128a36d (webtiles) character file.

Game seed: 13630958252314313098

82 gohu the Magician (level 4, 0/31 HPs)
             Began as a Djinni Fire Elementalist on Mar 14, 2024.
             Slain by Sigmund
             ... wielding a +0 scythe
              (5 damage)
             ... while paralysed by Ijyb
             ... on level 3 of the Dungeon.
             The game lasted 00:04:05 (2497 turns).

gohu the Magician (Djinni Fire Elementalist)        Turns: 2497, Time: 00:04:06

Health: 0/31       AC:  2    Str:  7    XL:     4   Next: 70%
Gold:   78         EV:  2    Int: 18    God:
                   SH:  0    Dex: 20

rFire   + + .        (no weapon)
rCold   x x .        (no shield)
rNeg    . . .        a - +0 robe
rPois   ∞            (no helmet)
rElec   .            (no cloak)
rCorr   .            (no gloves)
SInv    +            (boots unavailable)
Will    .....        (no amulet)
Stlth   ++           m - +4 ring of slaying
HPRegen 0.25/turn    q - ring "Qusy" {Wiz Fly rC- Dex+6 SInv}
MPRegen 0.00/turn

%: wizardry (x1), infuse magic (-1 HP)
@: paralysed, flying
A: sickness immunity, fire resistance 2, cold vulnerability 1, float, innate
caster, HP casting, extra vitality 1
a: no special abilities


You were on level 3 of the Dungeon.
You visited 1 branch of the dungeon, and saw 3 of its levels.

You collected 78 gold pieces.

Inventory:

Armour
 a - a +0 robe (worn)
Jewellery
 m - a +4 ring of slaying (left hand)
 o - a ring of wizardry
 q - the ring "Qusy" (right hand) {Wiz Fly rC- Dex+6 SInv}
   (You found it on level 3 of the Dungeon)

   [ring of wizardry]

   Wiz:       It improves your spell success rate.
   Dex+6:     It affects your dexterity (+6).
   rC-:       It makes you vulnerable to cold.
   SInv:      It lets you see invisible.
   Fly:       It grants you flight.
 s - a ring of willpower
Scrolls
 b - 2 scrolls of teleportation {unknown}
 c - a scroll of enchant weapon {unknown}
 d - a scroll of immolation {unknown}
 f - a scroll of silence {unknown}
 h - a scroll of enchant armour {unknown}
 i - a scroll of vulnerability {unknown}
 l - 2 scrolls of amnesia {unknown}
 n - 3 scrolls of identify {unknown}
 r - a scroll of revelation {unknown}
 u - a scroll of poison {unknown}
 x - a scroll of fear {unknown}
Potions
 e - 2 potions of curing {unknown}
 g - a potion of ambrosia {unknown}
 j - 2 potions of heal wounds {unknown}
 k - a potion of degeneration {unknown}
 p - a potion of might {unknown}
 t - a potion of mutation {unknown}
 v - a potion of cancellation {unknown}
 w - a potion of enlightenment {unknown}


   Skills:
 - Level 2.1 Dodging
 - Level 1.5 Stealth
 * Level 4.4 Spellcasting
 * Level 4.4 Conjurations
 * Level 4.4 Hexes
   Level 0.0 Charms
 * Level 4.4 Summonings
 * Level 4.4 Necromancy
 * Level 4.4 Translocations
   Level 0.0 Transmutations
 * Level 4.4 Fire Magic
 * Level 4.4 Ice Magic
 * Level 4.4 Air Magic
 * Level 4.4 Earth Magic
 * Level 4.4 Alchemy


You knew the following spells:

 Your Spells              Type           Power      Damage    Failure   Level
a - Foxfire               Conj/Fire      80%        2x1d8     1%          1
b - Scorch                Fire           40%        2d6       1%          2
c - Volatile Blastmotes   Fire/Tloc      40%        2d13      2%          3
d - Inner Flame           Hex/Fire       20%        N/A       2%          3
e - Flame Wave            Conj/Fire      20%        2d7       9%          4
f - Summon Small Mammal   Summ           80%        N/A       1%          1
Your spell library was empty.

Dungeon Overview and Level Annotations

Branches:
Dungeon (3/15)

Altars:
Hepliaklqana

Annotations:
D:3 Ijyb, Sigmund


Innate Abilities, Weirdness & Mutations

You are immune to sickness and miasma.
You are immune to poison.
Your flesh is very heat resistant. (rF++)
You are vulnerable to cold. (rC-)
You float through the air rather than walking.
You learn spells naturally, not from books.
Your magical power is your life essence.
You have superior vitality. (+4 MHP)


Message History

Your foxfire dissipates!
Your foxfire dissipates!
Found an escape hatch in the floor.
x - a scroll labelled IFUABE XYCS Sigmund the Dreaded comes into view.
He is wielding a +0 scythe.
Found a stone staircase leading down.
Found a ring mail.
Found a ring mail, a scroll labelled KEOLA JITU and a leather armour.
Ijyb unwields a +0 sling.
Ijyb hits you.
Casting: Foxfire (safe; 1% risk of failure)
Confirm with . or Enter, or press ? or * to list all spells.
A cloud of volatile blastmotes flares up around you!
Run!
Ijyb completely misses you.
The cloud of blastmotes explodes!
The concussive blast engulfs you! You resist.
The concussive blast engulfs Ijyb but does no damage.
You hear a shout!
Ijyb misses you. Ijyb closely misses you.
Casting: Volatile Blastmotes (dangerous; 2% risk of failure)
Confirm with . or Enter, or press ? or * to list all spells.
A cloud of volatile blastmotes flares up around you!
Run!
Ijyb hits you. Ijyb misses you.
The cloud of blastmotes explodes!
The concussive blast engulfs you. You resist.
The concussive blast engulfs Ijyb.
Ijyb is moderately wounded.
Ijyb hits you.
Casting: Volatile Blastmotes (dangerous; 2% risk of failure)
Confirm with . or Enter, or press ? or * to list all spells.
A cloud of volatile blastmotes flares up around you!
Run!
* * * LOW HITPOINT WARNING * * *
Ijyb completely misses you.
Ijyb zaps a wand.
You suddenly lose the ability to move!
The cloud of blastmotes explodes!
The concussive blast engulfs you. You resist.
* * * LOW HITPOINT WARNING * * *
The concussive blast engulfs Ijyb.
Ijyb is heavily wounded.
Sigmund hits you from afar with a +0 scythe.
You die...
Sigmund begins carving another notch in his scythe.

#....... ..#
#...#..## #.#
#.#.#.... #.# # #
#.### #. #.# ### .
#.# . ... ....
...#.# #.
#.##....[ .....###
##> #.g[.?...
#..... ..@
#@####### #.####
#.#.#.####....[...
#.......##@#######
#....#
#.......##.# #
###.#.####.#
######.## .>.
#.###<(...... ##.
#.......##.## #.
#####.#.#


You could see Sigmund and Ijyb.

Vanquished Creatures
  2 adders
  A ribbon worm (D:3)
  2 dart slugs
  6 ball pythons
  A bat (D:3)
  6 endoplasms
  3 giant cockroaches (D:1)
  3 goblins
  5 hobgoblins
  2 jackals (D:2)
  A quokka (D:1)
  6 frilled lizards
  10 kobolds
  8 rats
56 creatures vanquished.

Vanquished Creatures (collateral kills)
  A foxfire (D:1)
1 creature vanquished.

Vanquished Creatures (others)
  141 foxfires
141 creatures vanquished.

Grand Total: 198 creatures vanquished

Notes
Turn   | Place    | Note
-------+----------+-------------------------------------------
     0 | D:1      | gohu the Djinni Fire Elementalist began the quest for the
                  | Orb.
     0 | D:1      | gohu set off with the following spells memorised: Foxfire,
                  | Scorch, Volatile Blastmotes, Inner Flame, Flame Wave.
     0 | D:1      | Reached XP level 1. HP: 15/15 MP: 0/0
    81 | D:1      | Reached XP level 2. HP: 16/21 MP: 0/0
   533 | D:1      | Reached XP level 3. HP: 24/25 MP: 0/0
   533 | D:1      | Learned a level 1 spell: Summon Small Mammal
   991 | D:2      | You are sucked into a shaft and drop 1 floor!
  1000 | D:3      | Reached XP level 4. HP: 23/31 MP: 0/0
  1038 | D:3      | Found a hazy altar of Hepliaklqana.
  1042 | D:3      | Identified the ring "Qusy" {Wiz Fly rC- Dex+6 SInv}
  2214 | D:3      | Noticed Ijyb
  2481 | D:3      | Noticed Sigmund
  2497 | D:3      | Paralysed by Ijyb for 3 turns
  2497 | D:3      | Slain by Sigmund

Illustrated notes

Levels and vault maps discovered:
D:1:      tarquinn_simple_flora_water_d, layout_loops_ring
D:2:      layout_loops_corners, nicolae_houndstooth_variations
D:3:      layout_loops_ring, nicolae_overflow_hidden_temple, uniq_pargi,
          uniq_sigmund, uniq_ijyb

Skill      XL: |  1  2  3 |
---------------+----------+-----
Spellcasting   | 4 |  4.4
Conjurations   | 4 |  4.4
Hexes          | 4 |  4.4
Summonings     | 4 |  4.4
Necromancy     | 4 |  4.4
Translocations | 4 |  4.4
Fire Magic     | 4 |  4.4
Ice Magic      | 4 |  4.4
Air Magic      | 4 |  4.4
Earth Magic    | 4 |  4.4
Alchemy        | 4 |  4.4
Dodging        | |  2.1
Stealth        | |  1.5

Action                     |  1- 3 |  4- 6 || total
---------------------------+-------+-------++-------
   Cast: Foxfire           |    44 |    44 ||    88
         Scorch            |    16 |     8 ||    24
         Volatile Blastmot |       |     3 ||     3
 Armour: Robe              |     2 |    10 ||    12
  Dodge: Dodged            |    10 |     8 ||    18
